AoeStats
← 灰顏

Black Forest

510548583Analyzed
3v3 RM · 15h ago on Oct 1, 2026· 44m 33s· 6 players
Game mode
Random Map
Map size
Normal (6 player)
Population
200
Speed
Normal
Resources
Standard
Victory
Conquest
Starting age
Dark Age
Ending age
Imperial Age
RankedLock teamsTeams togetherTeam positionsShared explorationLock speedFull tech treeHidden civsTurbo modeCheats
Victory
Defeat
🇭🇰 Britons · Hong Kong SAR China
1249
+11
🇭🇰 Wu · Hong Kong SAR China
1208
+13
🇨🇦 Goths · Canada
1184
+14
🇹🇼 Danes · Taiwan
1164
-14
🇹🇼 Spanish · Taiwan
1131
-12
🇹🇼 Persians · Taiwan
1129
-12
DropDongHitBong420
7:06 Loom
9:56 Feudal Age
10:03 Man-at-Arms
24:35 Horse Collar
28:41 Fletching
32:55 Castle Age
30:57 Padded Archer Armor
32:22 Forging
32:12 Scale Mail Armor
32:11 Double-Bit Axe
33:49 Heavy Plow
34:04 Bow Saw
33:39 Pikeman
34:28 Squires
42:08 Wheelbarrow
43:35 Hand Cart
46:42 Imperial Age
46:51 Imperial Age
Steve
0:38 Loom
11:05 Feudal Age
15:57 Castle Age
14:46 Double-Bit Axe
14:57 Gold Mining
15:20 Scale Mail Armor
16:33 Forging
17:00 Chain Mail Armor
18:29 Arson
23:26 Squires
24:07 Town Watch
26:09 Wheelbarrow
27:51 Wheelbarrow
27:59 Town Watch
28:33 Bow Saw
31:09 Fishing Lines
31:46 Fletching
32:44 Stone Mining
33:41 Gillnets
34:37 Horse Collar
35:24 Ballistics
35:48 Heavy Plow
38:38 Imperial Age
37:22 Gold Shaft Mining
38:03 Stone Shaft Mining
37:41 Red Cliffs Tactics
37:40 Treadmill Crane
38:16 Heavy Plow
38:52 Hand Cart
38:23 Pikeman
39:42 Conscription
39:45 Sitting Tiger
39:47 Bodkin Arrow
40:33 Bracer
41:40 Chemistry
41:42 Coinage
41:08 Elite Fire Archer
41:57 Padded Archer Armor
42:28 Plate Mail Armor
43:10 Two-Man Saw
43:25 Leather Archer Armor
45:06 Iron Casting
44:42 Masonry
44:30 Murder Holes
我的农民有八块腹肌
2:09 Loom
12:26 Feudal Age
16:55 Castle Age
14:51 Double-Bit Axe
15:33 Fishing Lines
18:56 Bow Saw
28:04 Imperial Age
25:43 Gillnets
27:33 Fletching
28:08 Ballistics
28:12 Yeomen
29:19 Wheelbarrow
28:42 Gold Mining
28:43 Stone Mining
29:07 Bodkin Arrow
29:13 Padded Archer Armor
30:07 Gold Shaft Mining
30:49 Two-Man Saw
31:36 Bracer
32:38 Chemistry
31:50 Masonry
31:23 Treadmill Crane
35:03 Conscription
35:23 Leather Archer Armor
36:03 Hand Cart
35:34 Town Watch
35:58 Siege Engineers
36:21 Pikeman
37:01 Squires
37:23 Scale Mail Armor
37:34 Forging
37:15 Horse Collar
37:19 Halberdier
39:19 Chain Mail Armor
39:40 Iron Casting
39:21 Heavy Plow
40:37 Plate Mail Armor
43:49 Blast Furnace
43:27 Elite Longbowman
李仲赫
0:26 Loom
12:08 Feudal Age
12:58 Double-Bit Axe
13:16 Horse Collar
19:10 Castle Age
20:48 Bow Saw
23:23 Husbandry
23:34 Bloodlines
23:17 Gold Mining
24:05 Padded Archer Armor
29:29 Leather Archer Armor
31:42 Fletching
38:47 Wheelbarrow
41:48 Wheelbarrow
Inaba因幡
0:30 Loom
12:43 Feudal Age
21:00 Castle Age
41:29 Double-Bit Axe
41:26 Horse Collar
灰顏
0:29 Loom
12:42 Feudal Age
16:19 Castle Age
15:10 Double-Bit Axe
15:26 Horse Collar
17:47 Bow Saw
19:25 Wheelbarrow
22:47 Heavy Plow
23:59 Scale Barding Armor
24:54 Bloodlines
24:44 Husbandry
25:42 Gold Mining
25:43 Stone Mining
27:23 Hand Cart
30:41 Masonry
31:18 Chain Barding Armor
33:29 Imperial Age
32:55 Stone Shaft Mining
32:56 Gold Shaft Mining
32:58 Town Watch
32:40 Light Cavalry
33:34 Forging
33:15 Fletching
33:25 Padded Archer Armor
34:11 Town Patrol
35:38 Chemistry
34:59 Ballistics
34:08 Cavalier
35:32 Savar
36:55 Plate Barding Armor
36:55 Iron Casting
42:00 Hussar
Connection lost

Rejoining the realm…

Still unreachable

The connection could not be restored.

Session expired

The server has moved on; the page needs a fresh start.